 Dungeon Crawl Stone Soup version 0.27.1-15-g792fb953b9 (webtiles) character file.

Game seed: 6410221635379671931

32 ANNNA the Stinger (level 3, 0/19 HPs)
             Began as a Deep Elf Venom Mage on Nov 19, 2021.
             Succumbed to an adder's poison
             ... on level 2 of the Dungeon.
             The game lasted 00:03:21 (1499 turns).

ANNNA the Stinger (Deep Elf Venom Mage)             Turns: 1499, Time: 00:03:22

Health: 0/19       AC:  2    Str:  6    XL:     3   Next: 8%
Magic:  2/10       EV: 13    Int: 25    God:
Gold:   70         SH:  0    Dex: 15    Spells: 3/9 levels left

rFire    . . .     SeeInvis .   f - +0 dagger
rCold    . . .     Faith    .   (no shield)
rNeg     . . .     Spirit   .   a - +0 robe
rPois    .         Reflect  .   (no helmet)
rElec    .         Harm     .   (no cloak)
rCorr    .         Rampage  .   (no gloves)
Will     .....                  (no boots)
Stlth    ++........             (no amulet)
HPRegen  0.06/turn              d - +6 ring of intelligence
MPRegen  0.12/turn              (no ring)

@: lethally poisoned (0 -> -11)
A: no striking features
a: no special abilities


You were on level 2 of the Dungeon.
You visited 1 branch of the dungeon, and saw 2 of its levels.

You collected 70 gold pieces.

Inventory:

Hand Weapons
 f - a +0 dagger (weapon)
Missiles
 b - 31 stones
 g - 2 silver javelins
Armour
 a - a +0 robe (worn)
Jewellery
 d - a +6 ring of intelligence (left hand)
Scrolls
 c - a scroll of fear {unknown}
 e - a scroll of holy word {unknown}
 h - a scroll of identify {unknown}
 j - 2 scrolls of teleportation {unknown}
Potions
 i - a potion of berserk rage {unknown}


   Skills:
 + Level 0.1 Fighting
 + Level 2.7 Dodging
 + Level 2.4 Stealth
 + Level 3.5 Spellcasting
 + Level 1.6 Transmutations
 + Level 4.0 Poison Magic


You had 3 spell levels left.
You knew the following spells:

 Your Spells              Type           Power      Damage    Failure   Level
a - Sting                 Tmut/Pois      72%        1d6       3%          1
b - Poisonous Vapours     Pois/Air       28%        N/A       6%          2
c - Mephitic Cloud        Conj/Pois/Air  11%        N/A       17%         3

Your spell library contained the following spells:

 Spells                   Type           Power      Damage    Failure   Level
 Magic Dart               Conj           16%        1d3       10%         1
 Call Imp                 Summ           4%         N/A       14%         2
 Gell's Gravitas          Tloc           2%         N/A       28%         3
 Lesser Beckoning         Tloc           2%         N/A       28%         3
 Teleport Other           Tloc           4%         N/A       28%         3
 Olgreb's Toxic Radiance  Pois           24%        N/A       19%         4


Dungeon Overview and Level Annotations

Branches:
Dungeon (2/15)

Altars:


Message History

There is an escape hatch in the floor here.
You feel sick. The bat barely misses you.
You closely miss the bat.
You feel sick. The bat completely misses you. The adder barely misses you.
Casting: Poisonous Vapours (safe; 6% risk of failure)
Confirm with . or Enter, or press ? or * to list all spells.
Aiming: Sting (safe; 3% risk of failure)
Press: ? - help, Shift-Dir - straight line, f - bat, p - adder
Aim: a bat (60% to hit)
The sting hits the bat.
The bat is poisoned.
The bat is moderately wounded.
You feel sick. The bat barely misses you. The adder bites you.
You are more poisoned.
The adder poisons you! The bat hits you. The ball python closely misses you. x2
The adder misses you.
Casting: Sting (safe; 3% risk of failure)
Confirm with . or Enter, or press ? or * to list all spells.
Aiming: Sting (safe; 3% risk of failure)
Press: ? - help, Shift-Dir - straight line, f/p - bat
Aim: a bat (moderately wounded, poisoned, 60% to hit)
The sting misses the bat.
You feel sick. The bat hits you but does no damage.
The ball python closely misses you. x2; The bat hits you but does no damage.
The adder bites you but does no damage.
Casting: Sting (safe; 3% risk of failure)
Confirm with . or Enter, or press ? or * to list all spells.
Aiming: Sting (safe; 3% risk of failure)
Press: ? - help, Shift-Dir - straight line, f/p - bat
Aim: a bat (moderately wounded, poisoned, 60% to hit)
The sting hits the bat.
The bat looks even sicker.
You kill the bat!
You feel sick.
The ball python bites you but does no damage.
The ball python misses you. The adder completely misses you.
The ball python misses you. The ball python barely misses you.
* * * LOW HITPOINT WARNING * * *
You feel sick. The adder bites you.
* * * LOW HITPOINT WARNING * * *
You are more poisoned.
The adder poisons you!
You die...

........#######.# #.#
.####.#.# ##.# #.#
.###..#.# #... ##### #.#
.)..#...# .... ...# #.#
####..#.# ...###..# #.#
#..#.# ##.## #..# #.#
#..#.#######.# #..### #.#
#..#.........####....###.#
# #..### #.@.SS.......^#
......# #.###...###.###
##....# #........##.#
#####....##.# #....#.##
.$..... ##..#.#.# #..#.#.#
...#.. .


You could see an adder (poisoned) and a ball python.

Vanquished Creatures
  A worm (D:2)
  2 dart slugs (D:1)
  5 bats
  An endoplasm (D:1)
  A giant cockroach (D:1)
  A goblin (D:1)
  3 hobgoblins (D:1)
  3 jackals (D:1)
  A quokka (D:1)
  A ball python (D:2)
  4 frilled lizards (D:1)
  2 rats (D:1)
25 creatures vanquished.

Vanquished Creatures (others)
  4 plants (D:1)
4 creatures vanquished.

Grand Total: 29 creatures vanquished

Notes
Turn   | Place    | Note
-------+----------+-------------------------------------------
     0 | D:1      | ANNNA the Deep Elf Venom Mage began the quest for the Orb.
     0 | D:1      | Reached XP level 1. HP: 10/10 MP: 6/6
   297 | D:1      | Reached XP level 2. HP: 10/15 MP: 5/8
   493 | D:1      | Learned a level 2 spell: Poisonous Vapours
   653 | D:1      | Reached skill level 4 in Poison Magic
  1348 | D:2      | Reached XP level 3. HP: 19/19 MP: 1/9
  1352 | D:2      | Learned a level 3 spell: Mephitic Cloud
  1499 | D:2      | Succumbed to an adder's poison

Illustrated notes

Levels and vault maps discovered:
D:1:      dpeg_arrival_castle, layout_loops_ring, serial_forest,
          infiniplex_forest_clump_tiny, infiniplex_forest_end_3,
          infiniplex_forest_clump_curved, infiniplex_forest_lined_room_3,
          infiniplex_forest_clump_double, infiniplex_forest_clump_C
D:2:      layout_loops_ring, kennysheep_generic_room_15

Skill      XL: |  1  2 |
---------------+-------+-----
Poison Magic   | 4 |  4.0
Fighting       | |  0.1
Dodging        | |  2.7
Stealth        | |  2.4
Spellcasting   | |  3.5
Transmutations | |  1.6

Action                   || total
-------------------------++-------
Melee: Unarmed           ||     1
       Dagger            ||     1
 Cast: Sting             ||    34
       Poisonous Vapours ||    12
Armor: Robe              ||     8
Dodge: Dodged            ||    25
